 Dungeon Crawl Stone Soup version 0.30.1-11-g7821555f0a (webtiles) character file.

Game seed: 4099398480042397406

761 bmack86 the Cleaver (level 7, -15/57 HPs)
             Began as a Minotaur Fighter on Oct 31, 2023.
             Killed from afar by an acid dragon (21 damage)
             ... with a splash of acid
             ... on level 5 of the Dungeon on Nov 4, 2023.
             The game lasted 00:11:07 (4212 turns).

bmack86 the Cleaver (Minotaur Fighter)              Turns: 4212, Time: 00:11:08

Health: -15/57     AC:  4    Str: 23    XL:     7   Next: 51%
Magic:  6/6        EV:  8    Int:  5    God:
Gold:   355        SH:  4    Dex:  9    Spells: 6/6 levels left

rFire   . . .        a - +1 war axe
rCold   . . .        c - +0 buckler
rNeg    . . .        h - +0 chain mail
rPois   .            (helmet restricted)
rElec   .            o - +2 cloak
rCorr   .            (no gloves)
SInv    .            (no boots)
Will    .....        (no amulet) Stlth
                     (no ring)
HPRegen 0.29/turn    (no ring)
MPRegen 0.10/turn

%: no passive effects
@: corroded
A: horns 2, retaliatory headbutt
a: no special abilities


You were on level 5 of the Dungeon.
You visited 1 branch of the dungeon, and saw 5 of its levels.
You also visited: Sewer.

You collected 355 gold pieces.

Inventory:

Hand Weapons
 a - a +1 war axe (weapon)
Armour
 b - a +0 scale mail
 c - a +0 buckler (worn)
 h - a +0 chain mail (worn)
 o - a +2 cloak (worn)
Wands
 n - a wand of mindburst (13) (quivered)
Scrolls
 j - 2 scrolls of teleportation
 l - 3 scrolls of butterflies
 m - 4 scrolls of poison
 q - a scroll of amnesia
 s - 2 scrolls of enchant weapon
 t - a scroll of vulnerability {unknown}
 u - a scroll of fear {unknown}
 v - a scroll of noise
Potions
 d - a potion of might
 e - 6 potions of curing
 f - 3 potions of magic
 g - a potion of resistance {unknown}
 i - 3 potions of heal wounds
 k - 2 potions of ambrosia {unknown}
 p - a potion of attraction {unknown}
 r - 4 potions of flight
 w - a potion of haste {unknown}
 z - a potion of lignification {unknown}
 A - a potion of berserk rage {unknown}


   Skills:
 - Level 3.6 Fighting
 + Level 9.8 Axes
 - Level 3.6 Armour
 - Level 5.0 Shields


You had 6 spell levels left.
You didn't know any spells.
Your spell library contained the following spells:

 Spells                   Type           Power      Damage    Failure   Level
 Kiss of Death            Conj/Necr      0%         2d5       98%         1
 Confusing Touch          Hex            0%         N/A       100%        3
 Dispel Undead            Necr           0%         3d6       100%        4


Dungeon Overview and Level Annotations

Branches:
Dungeon (5/15)             Temple (0/1) D:5           Sewer (visited)

Altars:
Nemelex Xobeh


Innate Abilities, Weirdness & Mutations

You have a pair of horns on your head.
You reflexively headbutt those who attack you in melee.


Message History

You hit the jackal but do no damage. Your headbutt misses the jackal.
The jackal bites you.
The jackal bites you but does no damage.
You slash the jackal!
You kill the jackal!
You see here a jackal corpse.
You now have 355 gold pieces (gained 9).
Things that are here:
a +0 dagger; an orc corpse
Found an escape hatch in the floor.
Found a staircase to the Ecumenical Temple.
You enter the shallow water.
Moving in this stuff is going to be slow.
There is a staircase to the Ecumenical Temple here.
You enter the shallow water.
Moving in this stuff is going to be slow.
There is a staircase to the Ecumenical Temple here.
You enter the shallow water.
Moving in this stuff is going to be slow.
An acid dragon comes into view.
The acid dragon roars!
The acid dragon spits acid at you. The splash of acid misses you.
The acid dragon spits acid at you. The splash of acid hits you!!
The acid corrodes you!
An orc comes into view. It is wielding a +0 falchion.
The orc shouts!
The acid dragon spits acid at you. The splash of acid hits you!!
* * * LOW HITPOINT WARNING * * *
The acid corrodes you! The orc hits you with a +0 falchion.
* * * LOW HITPOINT WARNING * * *
You hit the orc but do no damage. The orc hits you with a +0 falchion.
* * * LOW HITPOINT WARNING * * *
You barely miss the orc. You headbutt the orc, but do no damage.
The orc hits you but does no damage. The orc closely misses you.
The acid dragon spits acid at you. The splash of acid hits you!!
You die...

..D.........<#......#.#.#......##
#..D.............................
....................#.#...)..##
...############.........†### #.##
#..........# #####.D####
#<.........#### #.........##
####..............
#......##.D####...####.###......
#......###.....@o.## #.# #......
#......# #####.....###.# #......
######## ##......#.# #......
#...##...# #...... #...####.#
####### #...# #.# #...# #.# ##
#...# #.### #. #...# #...######.


You could see an acid dragon (catching breath) and an orc.

Vanquished Creatures
  2 black bears
  A scorpion (D:4)
  A howler monkey (D:5)
  Jessica (D:2)
  Natasha (twice) (D:2)
  An orc wizard (D:4)
  A sleepcap (D:4)
  Robin (D:2)
  9 adders
  3 gnolls (D:5)
  6 river rats
  7 worms
  13 orcs
  8 endoplasms
  3 giant cockroaches
  9 goblins
  16 hobgoblins
  23 jackals
  8 kobolds
  6 quokkas
  17 ball pythons
  13 bats
  4 frilled lizards
  5 rats
160 creatures vanquished.

Notes
Turn   | Place    | Note
-------+----------+-------------------------------------------
     0 | D:1      | bmack86 the Minotaur Fighter began the quest for the Orb.
     0 | D:1      | Reached XP level 1. HP: 19/19 MP: 0/0
   133 | D:1      | Reached XP level 2. HP: 26/26 MP: 1/1
   192 | D:1      | Reached skill level 3 in Axes
   305 | D:1      | Reached XP level 3. HP: 31/31 MP: 2/2
   531 | D:2      | Reached skill level 5 in Shields
   718 | D:2      | Noticed Natasha
   723 | D:2      | Killed Natasha
   724 | D:2      | Reached skill level 4 in Axes
   724 | D:2      | Reached XP level 4. HP: 33/39 MP: 3/3
   751 | D:2      | Noticed Jessica
   756 | D:2      | Noticed Robin
   757 | D:2      | Killed Jessica
   775 | D:2      | Killed Robin
   776 | D:2      | Reached skill level 5 in Axes
   976 | D:2      | Reached XP level 5. HP: 41/45 MP: 4/4
  1055 | D:2      | Noticed Natasha
  1058 | D:2      | Killed Natasha
  1436 | D:3      | Reached skill level 6 in Axes
  1558 | D:3      | Found a glowing drain.
  1566 | Sewer    | Entered a sewer
  1835 | Sewer    | Reached XP level 6. HP: 51/51 MP: 5/5
  1981 | Sewer    | Reached skill level 7 in Axes
  2373 | D:3      | Found a faded altar of an unknown god.
  2708 | D:4      | Reached skill level 8 in Axes
  2892 | D:4      | Reached XP level 7. HP: 46/57 MP: 6/6
  3377 | D:4      | Reached skill level 9 in Axes
  3811 | D:5      | Entered Level 5 of the Dungeon
  4009 | D:5      | Found a sparkling altar of Nemelex Xobeh.
  4160 | D:5      | Found a staircase to the Ecumenical Temple.
  4212 | D:5      | Killed from afar by an acid dragon

Illustrated notes

Levels and vault maps discovered:
D:1:      scummos_arrival_simple_crosswalls, layout_rooms
D:2:      layout_loops_ring, minmay_tiny_reverse_x, uniq_robin, uniq_jessica,
          uniq_natasha
D:3:      layout_rooms, dreamdust_ecumenical_altar_grove,
          lightli_sewer_entry_pipes, kennysheep_nondescript
D:4:      layout_loops_corners
D:5:      layout_basic, mainiacjoe_overflow_paths, minmay_temple_entry_mist

Skill      XL: |  1  2  3  4  5  6  7 |
---------------+----------------------+-----
Shields        | 4 5 |  5.0
Axes           | 3 4 5 6 8 9 |  9.8
Fighting       | |  3.6
Armour         | |  3.6

Action                     |  1- 3 |  4- 6 |  7- 9 || total
---------------------------+-------+-------+-------++-------
  Melee: War axe           |    40 |   184 |    64 ||   288
         Headbutt          |     3 |    24 |    12 ||    39
    Use: Scroll            |     1 |     5 |     5 ||    11
 Armour: Scale mail        |    12 |       |       ||    12
         Chain mail        |    17 |   114 |    39 ||   170
  Dodge: Dodged            |    25 |    92 |    19 ||   136
  Block: Buckler           |    11 |    45 |     6 ||    62
